 Dungeon Crawl Stone Soup version 0.31-a0-233-g139696dc86 (webtiles) character file.

Game seed: 8453098050168576794

777 Querens the Shield-Bearer (level 8, -6/64 HPs)
             Began as a Formicid Fighter on July 9, 2023.
             Was an Initiate of Okawaru.
             Mangled by an ogre
             ... wielding a +0 giant club
              (13 damage)
             ... on level 6 of the Dungeon.
             The game lasted 00:10:00 (3002 turns).

Querens the Shield-Bearer (Formicid Fighter)        Turns: 3002, Time: 00:10:01

Health: -6/64      AC: 15    Str: 22    XL:     8   Next: 10%
Magic:  8/8        EV:  6    Int:  9    God:    Okawaru [......]
Gold:   190        SH:  5    Dex: 13    Spells: 7/7 levels left

rFire   . . .        y - +4 war axe
rCold   . . .        c - +0 buckler
rNeg    + . .        B - +0 plate armour
rPois   .            (helmet unavailable)
rElec   .            u - +0 cloak
rCorr   .            t - +0 pair of gloves
SInv    +            (no boots)
Will    +....        (no amulet)
Stlth   x              - ring of willpower
HPRegen 0.30/turn    z - ring of positive energy
MPRegen 0.11/turn

%: no passive effects
@: no status effects
A: permanent stasis, dig shafts and tunnels, antennae 3, four strong arms
a: Dig, Shaft Self, Renounce Religion


You were on level 6 of the Dungeon.
You worshipped Okawaru.
Okawaru was noncommittal.
You visited 1 branch of the dungeon, and saw 6 of its levels.

You collected 190 gold pieces.

Inventory:

Hand Weapons
 q - a +3 hand axe of electrocution
 y - a +4 war axe (weapon)
Armour
 c - a +0 buckler (worn)
 t - a +0 pair of gloves (worn)
 u - a +0 cloak (worn)
 B - a +0 plate armour (worn)
Jewellery
 x - a ring of willpower (left hand)
 z - a ring of positive energy (right hand)
Wands
 r - a wand of charming (11)
Scrolls
 e - 6 scrolls of teleportation {unknown}
 f - 2 scrolls of vulnerability {unknown}
 g - a scroll of fear {unknown}
 h - a scroll of noise {unknown}
 j - a scroll of enchant armour {unknown}
 o - 2 scrolls of revelation {unknown}
 p - a scroll of immolation {unknown}
 v - 8 scrolls of identify {unknown}
 A - a scroll of poison {unknown}
Potions
 a - 3 potions of lignification {unknown}
 b - 2 potions of curing {unknown}
 d - a potion of might
 i - a potion of degeneration {unknown}
 l - a potion of ambrosia {unknown}
 m - a potion of berserk rage {unknown}
 n - 3 potions of attraction {unknown}
 s - a potion of cancellation {unknown}
 w - a potion of enlightenment {unknown}


   Skills:
 + Level 5.7 Fighting
 + Level 4.5 Axes
 + Level 5.6 Armour
 + Level 6.8 Shields


You had 7 spell levels left.
You didn't know any spells.
Your spell library contained the following spells:

 Spells                   Type           Power      Damage    Failure   Level
 Poisonous Vapours        Pois/Air       0%         N/A       100%        2
 Mephitic Cloud           Conj/Pois/Air  0%         N/A       100%        3
 Portal Projectile        Hex/Tloc       0%         N/A       100%        3
 Leda's Liquefaction      Hex/Erth       0%         N/A       100%        4
 Olgreb's Toxic Radiance  Pois           0%         N/A       100%        4
 Freezing Cloud           Conj/Ice/Air   0%         6-21      100%        5
 Discord                  Hex            0%         N/A       100%        8
 Ignition                 Fire           0%         3d3       100%        8
 Call Canine Familiar     Summ           Unusable   N/A       N/A         3

Dungeon Overview and Level Annotations

Branches:
Dungeon (6/15)
 Temple: D:4-7

Altars:
Cheibriados
Fedhas
Hepliaklqana
Makhleb
Nemelex Xobeh
Okawaru
Qazlal
Ru
Sif Muna

Shops:
D:5 =


Innate Abilities, Weirdness & Mutations

You cannot be hasted, slowed, berserked, paralysed or teleported.
You can dig through walls and to a lower floor.
You have a pair of large antennae on your head. (SInv)
Your four strong arms can wield two-handed weapons with a shield.


Message History

A hound comes into view.
Found an iron altar of Okawaru.
You closely miss the hound. The hound bites you but does no damage.
The hound bites you.
You closely miss the hound. You block the hound's attack.
The hound barely misses you.
You hit the hound.
The hound is lightly wounded.
The hound bites you but does no damage. x2
You slash the hound!
You kill the hound!
No target in view!
Found a stone staircase leading down.
There is an iron altar of Okawaru here.
You kneel at the altar of Okawaru.
Okawaru welcomes you!
HP restored.
You sense a monster nearby.
An ogre comes into view. It is wielding a +0 giant club.
The ogre shouts!
You barely miss the ogre. The ogre hits you with a +0 giant club!
You barely miss the ogre. The ogre barely misses you.
You slash the ogre!
The ogre is moderately wounded.
You closely miss the ogre.
The ogre is moderately wounded.
You block the ogre's attack.
You slash the ogre!
The ogre is almost dead.
The ogre hits you with a +0 giant club!!
You are too injured to fight recklessly!
You are too injured to fight recklessly!
You barely miss the ogre.
The ogre is almost dead.
The ogre hits you with a +0 giant club!!
* * * LOW HITPOINT WARNING * * *
You barely miss the ogre.
The ogre is almost dead.
The ogre hits you with a +0 giant club!
You die...

.........# ...#.....+
...# ... ...+...>. .
.... .. .#.#...# ##.
#..# ..
...#...#.##.###..##.#
.........§§.........#
≈≈.._.§§≈§§..PPPP...#
......§§..§......O.#
...########.#...@#
##.# #.#.#.## #.#
#.#.#.# #.# #.....#
#.# #.#.### #.# #.#.#
#.# #.#.#
#.########.#.#
#............#


You could see an ogre.

Vanquished Creatures
  An ice beast (D:5)
  3 phantoms
  A scorpion (D:5)
  2 hounds (D:6)
  Crazy Yiuf (D:3)
  A jelly (D:6)
  3 orc priests
  A gnoll bouda (D:6)
  A sleepcap (D:3)
  An orc wizard (D:3)
  3 gnolls (D:6)
  3 adders
  A dart slug (D:2)
  A worm (D:2)
  5 orcs
  5 endoplasms
  3 giant cockroaches (D:2)
  5 goblins
  3 hobgoblins
  2 quokkas (D:1)
  6 ball pythons
  3 bats (D:1)
  3 frilled lizards
  6 kobolds
  6 rats
70 creatures vanquished.

Notes
Turn   | Place    | Note
-------+----------+-------------------------------------------
     0 | D:1      | Querens the Formicid Fighter began the quest for the Orb.
     0 | D:1      | Reached XP level 1. HP: 18/18 MP: 1/1
    37 | D:1      | Reached XP level 2. HP: 8/24 MP: 2/2
   437 | D:1      | Found a faded altar of an unknown god.
   449 | D:1      | Reached XP level 3. HP: 29/29 MP: 3/3
   989 | D:2      | Reached XP level 4. HP: 37/37 MP: 4/4
  1270 | D:3      | Reached skill level 5 in Shields
  1270 | D:3      | Reached XP level 5. HP: 12/42 MP: 5/5
  1384 | D:3      | Found a burning altar of Makhleb.
  1583 | D:3      | Found a shimmering blue altar of Sif Muna.
  1613 | D:3      | Found a runed translucent door.
  1614 | D:3      | Noticed Crazy Yiuf
  1618 | D:3      | Killed Crazy Yiuf
  1619 | D:3      | Reached XP level 6. HP: 49/49 MP: 6/6
  1656 | D:3      | Found a sacrificial altar of Ru.
  1922 | D:4      | Found a snail-covered altar of Cheibriados.
  1925 | D:4      | Found a sparkling altar of Nemelex Xobeh.
  1928 | D:4      | Found a stormy altar of Qazlal.
  2064 | D:4      | Found a hazy altar of Hepliaklqana.
  2284 | D:5      | Entered Level 5 of the Dungeon
  2374 | D:5      | Noticed an ice beast
  2375 | D:5      | Found Cytil's Jewellery Shop.
  2384 | D:5      | Killed an ice beast
  2385 | D:5      | Reached skill level 5 in Fighting
  2385 | D:5      | Reached skill level 5 in Armour
  2385 | D:5      | Reached skill level 6 in Shields
  2385 | D:5      | Reached XP level 7. HP: 42/56 MP: 7/7
  2449 | D:5      | Found a blossoming altar of Fedhas.
  2935 | D:6      | Reached XP level 8. HP: 59/63 MP: 8/8
  2953 | D:6      | Found an iron altar of Okawaru.
  2965 | D:6      | Became a worshipper of Warmaster Okawaru
  3002 | D:6      | Mangled by an ogre

Illustrated notes

Levels and vault maps discovered:
D:1:      erik_arrival_cave_to_civilisation [erik_arrival_cave_to_hall],
          layout_loops_ring, hellmonk_ecumenical_altar_heavens_door
D:2:      layout_loops_cross
D:3:      layout_loops_cross, mainiacjoe_overflow_catch_the_wave,
          mainiacjoe_overflow_catwalk, uniq_crazy_yiuf_cottage
D:4:      layout_gridville, grunt_temple_overflow_diamond,
          nicolae_hepliaklqana_hazy_memory
D:5:      layout_basic, mainiacjoe_overflow_chevrons, serial_shops,
          nicolae_shop_gaudy_bauble, hangedman_abyss_or_decor_stagger
D:6:      layout_basic, mainiacjoe_overflow_boulevard, serial_shops,
          nicolae_stop_n_shop_2

Skill      XL: |  1  2  3  4  5  6 |
---------------+-------------------+-----
Fighting       | 4 5 |  5.7
Armour         | 4 5 |  5.6
Shields        | 5 6 |  6.8
Axes           | 3 4 |  4.5

Action                     |  1- 3 |  4- 6 |  7- 9 || total
---------------------------+-------+-------+-------++-------
  Melee: War axe           |    92 |    21 |    42 ||   155
         Hand axe          |       |    45 |       ||    45
 Armour: Scale mail        |    13 |       |       ||    13
         Chain mail        |    38 |    28 |     1 ||    67
         Plate armour      |       |       |    13 ||    13
  Dodge: Dodged            |    35 |    27 |    10 ||    72
  Block: Buckler           |    23 |    11 |    13 ||    47

Table legend: (Time is in decaauts)
 A = Elapsed time spent in this place.
 B = Non-inter-level travel time spent in this place.
 C = Inter-level travel time spent in this place.
 D = Time resting spent in this place.
 E = Time spent auto-exploring this place.
 F = Levels seen in this place.
 G = Mean time per level.
                   A        B        C        D        E       F      G
               +--------+--------+--------+--------+--------+-----+--------+
         Total |   3065 |   2780 |    285 |      0 |      0 |   6 |  510.8 |
       Dungeon |   3065 |   2780 |    285 |      0 |      0 |   6 |  510.8 |
               +--------+--------+--------+--------+--------+-----+--------+

Top non-repeatable levels by time:
     D:1: 794 daAuts
     D:5: 603 daAuts
     D:3: 541 daAuts
     D:4: 523 daAuts
     D:2: 474 daAuts
     D:6: 127 daAuts
